 Dungeon Crawl Stone Soup version 0.24-a0-22-g2a401c0 (console) character file.

Game seed: 17446504990308715218

203 Duffy the Chopper (level 5, -1/67 HPs)
             Began as a Naga Gladiator on Feb 1, 2019.
             Slain by an adder (3 damage)
             ... on level 4 of the Dungeon.
             The game lasted 00:02:14 (1925 turns).

Duffy the Chopper (Naga Gladiator)                  Turns: 1925, Time: 00:02:15

Health: -1/67      AC:  4    Str: 23    XL:     5   Next: 81%
Magic:  5/5        EV: 10    Int:  8    God:
Gold:   91         SH:  0    Dex: 12    Spells: 4/4 levels left

rFire    + . .     SeeInvis +   a - +0 war axe
rCold    . . .     Gourm    .   (no shield)
rNeg     . . .     Faith    .   b - +0 leather armour
rPois    +         Spirit   .   c - +0 helmet
rElec    .         Reflect  .   (no cloak)
rCorr    .         Harm     .   (no gloves)
MR       .....                  (no barding)
Stlth    ..........             (no amulet)
HPRegen  0.21/turn              n - ring of stealth
MPRegen  0.09/turn              p - ring of protection from fire

@: berserking, lethally poisoned (-1 -> -3), quick
A: large, see invisible, deformed body, poison resistance, slowness 2, slow
metabolism 1, spit poison 1, AC +1
a: Spit Poison


You were on level 4 of the Dungeon.
You were hungry.

You visited 1 branch of the dungeon, and saw 4 of its levels.

You collected 91 gold pieces.

Inventory:

Hand Weapons
 a - a +0 war axe (weapon)
Missiles
 d - 3 throwing nets (quivered)
Armour
 b - a +0 leather armour (worn)
 c - a +0 helmet (worn)
Jewellery
 n - a ring of stealth (left hand)
 p - a ring of protection from fire (right hand)
Wands
 s - a wand of flame (12)
Scrolls
 g - a scroll of blinking {unknown}
 h - 3 scrolls of teleportation {unknown}
 k - a scroll of enchant armour {unknown}
 l - 3 scrolls of identify {unknown}
 q - a scroll of immolation {unknown}
 r - a scroll of magic mapping {unknown}
Potions
 e - a potion of berserk rage
 i - a potion of mutation {unknown}
 j - 4 potions of curing
 m - a potion of flight {unknown}
 o - 2 potions of degeneration {unknown}
Comestibles
 f - 3 rations
 t - a chunk of flesh


   Skills:
 - Level 2.0 Fighting
 + Level 6.3 Axes
 - Level 1.7 Throwing
 - Level 2.4 Dodging


You had 4 spell levels left.
You didn't know any spells.
Your spell library contained the following spells:

 Spells                   Type           Power        Failure   Level  Hunger
 Confusing Touch          Hex            #.....       45%         1    ##.....
 Confuse                  Hex            #.......     83%         3    ####...
 Gell's Gravitas          Tloc           #.........   83%         3    ####...
 Petrify                  Tmut/Erth      #.......     99%         4    #####..
 Metabolic Englaciation   Hex/Ice        #.........   100%        5    ######.
 Yara's Violent Unravell  Hex/Tmut       #.........   100%        5    ######.


Dungeon Overview and Level Annotations

Branches:
Dungeon (4/15)
 Temple: D:4-7

Altars:
Elyvilon
Qazlal
Zin


Innate Abilities, Weirdness & Mutations

You cannot wear boots.
Your serpentine skin is tough. (AC +1)
You have supernaturally acute eyesight. (SInv)
Armour fits poorly on your strangely shaped body.
Your system is resistant to poisons. (rPois)
You cover ground very slowly.
You have a slow metabolism.
You can spit poison.


Message History

You feel sick.
You hear a zap.
You hear a grinding noise.
The adder completely misses you.
There is an open door, spattered with blood here.
You closely miss the adder. The gnoll barely misses you. The adder bites you.
You are lethally poisoned!
The adder poisons you!
Press: ? - help, v - describe, . - travel, g - get item
Here: a gnoll, wielding a +0 spear A +0 spear.
There is something else lying underneath.
The floor.
Unknown command.
It was a potion of berserk rage.
A red film seems to cover your vision as you go berserk!
You feel yourself moving faster!
You feel mighty!
You feel sick. The adder bites you but does no damage.
The gnoll hits you from afar with a +0 spear.
The adder bites you.
You die...

............#### #.#
.###.##.....#_# #.# #
#....##.## ###.#
#.#.##...## #...#
#.#.#..#..# #.###
#...#.###S# #.# #.###.#
#.# #.# #..##g# ..[ #.#
#..@S.#...._##.######
.......###.#_...##......>.
######## #.###.##.........
#.# #.#..#.#####. #..
..#..#.#$...( ##.
#####.....#. #[
#.###.....#.
_##...........
#(..##.....##


You could see a gnoll and an adder.

Vanquished Creatures
  A hound (D:4)
  Jessica (D:2)
  Natasha (twice) (D:4)
  2 worker ants (D:4)
  2 gnolls (D:4)
  An ooze (D:3)
  A worm (D:3)
  3 dart slugs
  A leopard gecko (D:1)
  An orc (D:4)
  2 giant cockroaches (D:3)
  A quokka (D:3)
  A ball python (D:4)
  A bat (D:1)
  4 goblins
  3 rats
27 creatures vanquished.

Notes
Turn   | Place    | Note
-------+----------+-------------------------------------------
     0 | D:1      | Duffy the Naga Gladiator began the quest for the Orb.
     0 | D:1      | Reached XP level 1. HP: 19/19 MP: 1/1
   311 | D:2      | Noticed Jessica
   323 | D:2      | Killed Jessica
   323 | D:2      | Reached skill level 4 in Axes
   323 | D:2      | Reached XP level 2. HP: 8/26 MP: 2/2
   323 | D:2      | Reached XP level 3. HP: 10/32 MP: 3/3
  1111 | D:4      | Reached skill level 5 in Axes
  1111 | D:4      | Reached XP level 4. HP: 26/39 MP: 4/4
  1264 | D:4      | Found a white marble altar of Elyvilon.
  1393 | D:4      | Noticed Natasha
  1408 | D:4      | Killed Natasha
  1607 | D:4      | Reached XP level 5. HP: 28/45 MP: 5/5
  1868 | D:4      | Noticed Natasha
  1878 | D:4      | Killed Natasha
  1878 | D:4      | Reached skill level 6 in Axes
  1895 | D:4      | Found a glowing silver altar of Zin.
  1895 | D:4      | Found a faded altar of an unknown god.
  1903 | D:4      | Found a stormy altar of Qazlal.
  1905 | D:4      | Found a faded altar of an unknown god.
  1925 | D:4      | HP: 2/67 [gnoll/+0 spear (3)]
  1925 | D:4      | Slain by an adder

Vault maps used:
D:1:      shiori_arrival_oz
D:2:      minmay_misc_feat_encased, tgw_trog, uniq_jessica, uniq_robin
D:3:      first_ration, roderic_lattice_a
D:4:      chequers_temple_overflow_minitemple, lemuel_round_altar, uniq_natasha

Skill      XL: |  1  2  3  4  5 |
---------------+----------------+-----
Axes           | 4 5 6 |  6.3
Fighting       | |  2.0
Throwing       | |  1.7
Dodging        | |  2.4

Action                   |  1- 3 |  4- 6 || total
-------------------------+-------+-------++-------
Melee: War axe           |    52 |    29 ||    81
 Abil: Spit Poison       |     3 |     8 ||    11
  Use: Potion            |       |     1 ||     1
 Stab: Sleeping          |     2 |       ||     2
  Eat: Chunk             |       |     2 ||     2
Armor: Leather armour    |    26 |     6 ||    32
Dodge: Dodged            |    38 |    25 ||    63

Table legend:
 A = Non-vault XP
 B = Vault XP
 C = Vault XP percentage of total XP
 D = Non-vault monster count
 E = Vault monster count
 F = Vault count percentage of total count
                 A         B        C        D         E       F
            +---------+---------+-------+---------+---------+-------
      Total |     217 |      73 |  25.2 |      25 |       2 |   7.4
            +---------+---------+-------+---------+---------+-------
        D:1 |       6 |       0 |   0.0 |       4 |       0 |   0.0
        D:2 |       1 |      37 |  97.4 |       1 |       1 |  50.0
        D:3 |      31 |       0 |   0.0 |      11 |       0 |   0.0
        D:4 |     179 |      36 |  16.7 |       9 |       1 |  10.0
            +---------+---------+-------+---------+---------+-------
